AoeStats
← Warrior

Nomad

510288417Analyzed
3v3 RM · 14h ago on Sep 30, 2026· 46m 45s· 6 players
Game mode
Random Map
Map size
210×210
Population
200
Speed
Normal
Resources
Standard
Victory
Conquest
Starting age
Dark Age
Ending age
Imperial Age
RankedLock teamsTeams togetherTeam positionsShared explorationLock speedFull tech treeHidden civsTurbo modeCheats
Victory
Defeat
🇨🇳 Varangians · China
1429
+15
🇨🇴 Saracens · Colombia
1378
+17
🇻🇳 Maya · Vietnam
1339
+18
🇦🇺 Japanese · Australia
1439
-18
🇦🇺 Vietnamese · Australia
1418
-18
🇷🇺 Mongols · Russia
1327
-14
mryendl2410
5:07 Loom
13:19 Feudal Age
19:10 Castle Age
17:21 Gold Mining
17:52 Double-Bit Axe
20:08 Medium Warships
22:01 Fletching
23:23 Bodkin Arrow
25:03 Wheelbarrow
25:52 Fishing Lines
27:19 Horse Collar
31:32 Imperial Age
30:46 Bow Saw
30:11 Eagle Warrior
30:58 Scale Mail Armor
30:46 Arson
31:02 Squires
30:52 Arson
32:00 Heavy Plow
32:19 Chain Mail Armor
31:47 Elite Eagle Warrior
33:33 Conscription
33:52 Plate Mail Armor
34:23 Forging
36:02 Iron Casting
38:40 Blast Furnace
38:29 Holcans
AOE | Wu
8:01 Loom
12:59 Feudal Age
14:17 Double-Bit Axe
18:44 Castle Age
19:23 Gold Mining
19:27 Stone Mining
19:50 Bow Saw
20:48 Horse Collar
20:58 Fishing Lines
23:31 Wheelbarrow
27:47 Hand Cart
29:04 Bloodlines
29:37 Horse Collar
34:16 Imperial Age
32:21 Forging
32:16 Scale Barding Armor
32:21 Husbandry
32:47 Fletching
34:51 Iron Casting
35:18 Chain Barding Armor
35:21 Conscription
36:39 Blast Furnace
36:48 Blast Furnace
35:44 Bodkin Arrow
38:06 Elite Jarl
39:33 Gillnets
39:40 Town Watch
40:40 Bracer
41:15 Plate Barding Armor
40:07 Light Cavalry
40:53 Heavy Plow
42:42 Guilds
ofespinelman
5:09 Loom
14:14 Feudal Age
14:52 Double-Bit Axe
16:08 Fishing Lines
19:05 Castle Age
17:20 Fletching
18:44 Padded Archer Armor
19:30 Crossbowman
20:41 Gold Mining
21:54 Bodkin Arrow
27:34 Wheelbarrow
27:30 Ballistics
33:23 Imperial Age
31:36 Thumb Ring
32:25 Leather Archer Armor
35:13 Chemistry
35:33 Bracer
36:04 Ring Archer Armor
36:08 Arbalester
Warrior
5:46 Loom
14:22 Feudal Age
18:10 Castle Age
17:10 Double-Bit Axe
18:00 Stone Mining
18:46 Town Watch
24:28 Bow Saw
33:35 Fletching
35:13 Ballistics
GUSH ^_-
4:38 Loom
14:44 Feudal Age
15:21 Double-Bit Axe
15:28 Horse Collar
18:18 Castle Age
17:08 Gold Mining
17:25 Stone Mining
19:27 Bow Saw
20:11 Heavy Plow
28:06 Town Watch
33:07 Imperial Age
31:49 Wheelbarrow
32:01 Gold Shaft Mining
32:03 Fletching
32:56 Bodkin Arrow
34:21 Kataparuto
34:22 Conscription
34:38 Hoardings
34:18 Bracer
35:31 Two-Man Saw
34:59 Hand Cart
35:47 Scale Mail Armor
35:58 Forging
35:44 Elite Samurai
39:27 Onager
40:34 Ballistics
40:24 Masonry
39:55 Treadmill Crane
42:31 Chain Mail Armor
42:51 Iron Casting
Vinkz
10:52 Loom
12:01 Loom
14:17 Feudal Age
18:58 Castle Age
16:49 Double-Bit Axe
18:09 Wheelbarrow
17:42 Gold Mining
19:48 Bow Saw
19:47 Horse Collar
20:45 Hand Cart
20:35 Fletching
21:25 Bodkin Arrow
21:31 Padded Archer Armor
32:09 Imperial Age
30:10 Stone Mining
33:55 Chemistry
33:27 Bracer
34:17 Siege Engineers
35:38 Leather Archer Armor
37:12 Ring Archer Armor
36:58 Elite Rattan Archer
Connection lost

Rejoining the realm…

Still unreachable

The connection could not be restored.

Session expired

The server has moved on; the page needs a fresh start.